 Dungeon Crawl Stone Soup version 0.32-a0-18-g89e19f1974 (webtiles) character file.

Game seed: 8989242046074905197

31428 Amplified the Severer (level 13, -6/114 HPs)
             Began as a Minotaur Fighter on Jan 16, 2024.
             Was the Champion of Makhleb.
             Mangled by a sun demon (18 damage)
             ... summoned by an orc sorcerer
             ... while paralysed by an orc sorcerer
             ... on level 2 of the Orcish Mines.
             The game lasted 00:22:10 (12799 turns).

Amplified the Severer (Minotaur Fighter)           Turns: 12799, Time: 00:22:10

Health: -6/114     AC: 27    Str: 29    XL:     13   Next: 25%
Magic:  24/24      EV:  2    Int:  4    God:    Makhleb [******]
Gold:   1363       SH:  0    Dex:  5    Spells: 11/12 levels left

rFire   + + +        B - +4 broad axe (flame)
rCold   + . .        S - +0 tower shield {rF+}
rNeg    + . .        F - +9 plate armour "Nufruf" {rN+}
rPois   .            U - +1 hat {SInv}
rElec   +            f - +0 cloak
rCorr   .            (no gloves)
SInv    +            u - +1 pair of boots
Will    +....        l - amulet of regeneration Stlth
                     E - ring "Tack" {rF++ rC+ MP+9 Str+3 Dex-5}
HPRegen 1.19/turn    e - ring of Past Mistakes {rElec Will+ Str+2 Int-5 Slay+3}
MPRegen 0.19/turn

%: no passive effects
@: paralysed, studying Shields
A: horns 2, retaliatory headbutt, clever 1
a: Renounce Religion, Minor Destruction, Lesser Servant of Makhleb, Major
Destruction, Greater Servant of Makhleb


You were on level 2 of the Orcish Mines.
You worshipped Makhleb.
Makhleb was exalted by your worship.
You visited 2 branches of the dungeon, and saw 14 of its levels.
You also visited: Ossuary, Bailey, Gauntlet and Ice Cave.

You collected 1468 gold pieces.
You spent 105 gold pieces at shops.

Inventory:

Hand Weapons
 d - a +4 flail of venom
 B - a +4 broad axe of flaming (weapon)
 X - the +3 war axe of Lezoas {drain, *Noise rPois rCorr Str-5}
   (You found it in an ice cave)

   Str-5:     It affects your strength (-5).
   rPois:     It protects you from poison *Noise: It may make a loud noise when
   swung.
   rCorr:     It protects you from acid and corrosion.
Missiles
 q - 35 poisoned darts (quivered)
Armour
 f - a +0 cloak (worn)
 u - a +1 pair of boots (worn)
 C - +0 acid dragon scales
 F - the +9 plate armour "Nufruf" (worn) {rN+}
   (You took it off a minotaur in a Gauntlet)

   rN+:       It protects you from negative energy.
 R - the +1 swamp dragon scales "Bolic" {rPois rC+}
   (You found it in a Gauntlet)

   rC+:       It protects you from cold.
   rPois:     It protects you from poison
 S - a +0 tower shield of fire resistance (worn)
 U - a +1 hat of see invisible (worn)
 V - +0 ice dragon scales
Jewellery
 e - the ring of Past Mistakes (right hand) {rElec Will+ Str+2 Int-5 Slay+3}
   (You found it in a Gauntlet)

   [ring of willpower]

   Str+2:     It affects your strength (+2).
   Int-5:     It affects your intelligence (-5).
   Slay+3:    It affects your accuracy & damage with ranged weapons and melee
   (+3).
   rElec:     It insulates you from electricity.
   Will+:     It increases your willpower.
 k - a ring of poison resistance
 l - an amulet of regeneration (around neck)
 E - the ring "Tack" (left hand) {rF++ rC+ MP+9 Str+3 Dex-5}
   (You found it on level 8 of the Dungeon)

   [ring of magical power]

   Str+3:     It affects your strength (+3).
   Dex-5:     It affects your dexterity (-5).
   rF++:      It greatly protects you from fire.
   rC+:       It protects you from cold.
   MP+9:      It affects your magic capacity (+9).
 W - the ring "Resm" {rPois rF+ Int+2}
   (You found it in an ice cave)

   [ring of protection from fire]

   Int+2:     It affects your intelligence (+2).
   rF+:       It protects you from fire.
   rPois:     It protects you from poison
Talismans
 H - a serpent talisman
Wands
 a - a wand of mindburst (8)
 c - a wand of polymorph (5)
 M - a wand of iceblast (12)
 O - a wand of acid (7)
Scrolls
 g - a scroll of revelation
 h - 9 scrolls of teleportation
 r - 3 scrolls of amnesia
 A - 2 scrolls of poison
 D - a scroll of vulnerability
 G - a scroll of torment
Potions
 b - a potion of cancellation {unknown}
 i - 8 potions of mutation
 j - 6 potions of brilliance
 m - a potion of resistance
 p - 4 potions of lignification
 s - 6 potions of curing
 t - a potion of enlightenment {unknown}
 w - a potion of attraction
 x - a potion of heal wounds {unknown}
 z - 3 potions of might
 I - 4 potions of haste
 J - a potion of magic
 K - a potion of experience {unknown}
 L - a potion of degeneration {unknown}
 N - a potion of ambrosia {unknown}
 P - a potion of berserk rage
Miscellaneous
 Q - a condenser vane


   Skills:
 - Level 10.4 Fighting
 - Level 17.6(18.0) Axes
 - Level 6.3(13.1) Maces & Flails
 - Level 7.9 Armour
 * Level 17.1 Shields
 - Level 5.1 Invocations


You had 11 spell levels left.
You knew the following spells:

 Your Spells              Type           Power      Damage    Failure   Level
a - Apportation           Tloc           0%         N/A       100%        1

Your spell library contained the following spells:

 Spells                   Type           Power      Damage    Failure   Level
 Foxfire                  Conj/Fire      0%         2x1d4     100%        1
 Necrotise                Necr           0%         1d4       100%        1
 Summon Small Mammal      Summ           0%         N/A       100%        1
 Jinxbite                 Hex            0%         N/A       100%        2
 Call Canine Familiar     Summ           0%         N/A       100%        3
 Gell's Gravitas          Tloc           0%         N/A       100%        3
 Sigil of Binding         Hex            0%         N/A       100%        3
 Summon Ice Beast         Ice/Summ       0%         N/A       100%        3
 Teleport Other           Tloc           0%         N/A       100%        3
 Tukima's Dance           Hex            0%         N/A       100%        3
 Vampiric Draining        Necr           0%         2d6       100%        3
 Animate Dead             Necr           0%         N/A       100%        4
 Dimensional Bullseye     Hex/Tloc       0%         N/A       100%        4
 Manifold Assault         Tloc           0%         N/A       100%        4
 Martyr's Knell           Necr/Summ      0%         N/A       100%        4
 Passage of Golubria      Tloc           0%         N/A       100%        4
 Summon Blazeheart Golem  Fire/Summ      0%         N/A       100%        4
 Alistair's Intoxication  Alch           0%         N/A       100%        5
 Curse of Agony           Necr           0%         N/A       100%        5
 Summon Mana Viper        Hex/Summ       0%         N/A       100%        5
 Yara's Violent Unravell  Hex/Alch       0%         3d3       100%        5
 Dispersal                Tloc           0%         N/A       100%        6
 Plasma Beam              Fire/Air       0%         2x1d10    100%        6
 Starburst                Conj/Fire      0%         6d3       100%        6
 Haunt                    Necr/Summ      0%         N/A       100%        7
 Monstrous Menagerie      Summ           0%         N/A       100%        7
 Borgnjor's Revivificati  Necr           0%         N/A       100%        8
 Disjunction              Tloc           0%         N/A       100%        8
 Infestation              Necr           0%         N/A       100%        8
 Death's Door             Necr           0%         N/A       100%        9


Dungeon Overview and Level Annotations

Branches:
Dungeon (12/15)            Temple (0/1) D:5            Lair (0/5) D:11
    Orc (2/2) D:12            Elf (0/3) Orc:2       Ossuary (visited)
 Bailey (visited)           IceCv (visited)         Gauntlet (visited)

Altars:
Cheibriados
Kikubaaqudgha
Makhleb
Sif Muna
Trog
Uskayaw
Wu Jian
Yredelemnul
The Shining One

Shops:
D:2 ???*(   D:4 (   D:10 *   D:12 =

Portals:
Trove: D:10 (give Maxwell's patent armour)

Annotations:
D:2 Acquire
Orc:1 1 transporter, Ignak's ghost, journeyman GnHW


Innate Abilities, Weirdness & Mutations

You have a pair of horns on your head.
You reflexively headbutt those who attack you in melee.
Your mind is acute. (Int +4, Str/Dex -1)


Message History

Your headbutt misses the orc sorcerer.
The orc sorcerer is lightly wounded.
You closely miss the orc warrior. You hit the orc warrior.
You burn the orc warrior.
The orc sorcerer gestures wildly while chanting.
You block the orc warrior's attack.
The orc sorcerer mumbles some strange words.
You closely miss the orc sorcerer.
The orc sorcerer is lightly wounded.
You slash the orc warrior! You burn the orc warrior.
You kill the orc warrior!
Makhleb accepts your kill.
You feel better.
You barely miss the orc warrior. You block the sixfirhy's attack.
You block the orc warrior's attack.
The orc wizard casts a spell.
The orc wizard flickers and vanishes for a moment.
The orc sorcerer gestures at you while chanting.
You suddenly lose the ability to move!
The sixfirhy hits you but does no damage.
The sixfirhy hits you. The sixfirhy shocks you. You resist.
The orc sorcerer hits you but does no damage.
The sun demon hits you but does no damage.
The orc warrior hits you from afar with a +0 glaive!
The orc priest calls upon Beogh to heal the orc sorcerer.
The orc sorcerer's wounds heal themselves!
The orc warrior hits you with a +0 flail!
The orc sorcerer hits you but does no damage.
The sun demon hits you!!
You are engulfed in flames.
You resist. The sixfirhy hits you! The sixfirhy shocks you. You resist.
The orc knight hits you with a +2 long sword of freezing!!
* * * LOW HITPOINT WARNING * * *
The orc knight freezes you.
* * * LOW HITPOINT WARNING * * *
The orc warrior hits you from afar with a +0 glaive!
* * * LOW HITPOINT WARNING * * *
The orc sorcerer casts a spell.
The sixfirhy barely misses you.
The sixfirhy hits you but does no damage. x2
The sun demon hits you!!
You die...

##...oO#ooo.........$....
#...............#.......
#..$....................
#...................<....
#...........#............
......3.o....##..).......
....oooo...........))...
....o#o33o........[).)..
...oooo@o.........))))).
.#.o####)..........[)<..
#............)[).
#........>.......
##................
#....$..#.........
#.................
##)<..$......#....
.....8.)...............


You could see an orc warlord (strong), 2 orc knights, a sun demon (summoned), a
sixfirhy (summoned), a neqoxec (summoned), 2 orc sorcerers, 3 orc warriors, an
orc priest (strong), 3 orc wizards and 2 orcs.

Vanquished Creatures
  An orc warlord (Orc:1)
  A minotaur (Gauntlet)
  A great orb of eyes (Gauntlet)
  Fannar (Orc:1)
  A two-headed ogre (D:10)
  A boulder beetle (D:11)
  2 orc high priests (Orc:2)
  Lodul (D:10)
  An arcanist (Gauntlet)
  2 orc knights (Orc:1)
  4 ugly things
  3 manticores
  2 orc sorcerers (Orc:2)
  A cyclops (D:11)
  A moth of wrath (Gauntlet)
  3 ice statues (IceCv)
  Maggie (D:6)
  A gargoyle (D:11)
  A komodo dragon (D:12)
  A kobold demonologist (D:10)
  2 unseen horrors
  A freezing wraith (IceCv)
  Grinder (D:3)
  6 trolls
  A hornet (D:8)
  A polar bear (D:12)
  A spriggan (D:11)
  2 shadows
  5 slime creatures
  A centaur simulacrum (D:12)
  A water elemental (D:12)
  A wraith (D:10)
  2 dire elephant simulacra (IceCv)
  A wyvern (D:10)
  4 wargs (Orc:1)
  6 yaks
  A death yak simulacrum (IceCv)
  4 vampire mosquitoes (D:12)
  Edmund (D:4)
  4 acid dragons
  Duvessa (D:5)
  3 water moccasins
  A black bear (D:6)
  25 orc warriors
  3 sky beasts
  5 ice beasts
  20 ogres
  3 wolves (Gauntlet)
  5 centaurs
  3 phantoms
  3 elf zombies (Ossuary)
  4 kobold brigands
  2 gnoll sergeants
  2 bullfrogs
  2 necrophages (D:8)
  A cane toad simulacrum (IceCv)
  3 scorpions
  A wight (D:8)
  Dowan (D:5)
  11 killer bees (D:11)
  2 elephant simulacra (IceCv)
  2 howler monkeys
  4 electric eels
  3 bombardier beetles
  4 centaur zombies (D:8)
  15 orc priests
  A gnoll bouda (D:8)
  8 hounds
  5 human zombies
  9 iguanas
  Jessica (D:3)
  2 sleepcaps
  Natasha (D:3)
  21 orc wizards
  A polar bear simulacrum (IceCv)
  A killer bee zombie (D:8)
  2 wolf simulacra (IceCv)
  2 crocodile zombies (Ossuary)
  2 spectral hounds (Ossuary)
  A boggart simulacrum (D:12)
  7 mummies
  Robin (D:3)
  24 gnolls
  9 adders
  A hound simulacrum (Ossuary)
  3 shadow imps
  A white imp (D:5)
  7 ufetubi
  4 spectral gnolls (Ossuary)
  2 dart slugs (D:2)
  A ribbon worm (D:8)
  An adder simulacrum (Ossuary)
  100 orcs
  9 endoplasms
  3 giant cockroaches
  5 gnoll zombies (Ossuary)
  11 hobgoblins
  4 jackals
  4 quokkas
  6 ball pythons
  4 bats
  3 frilled lizards
  18 goblins
  27 kobolds
  3 kobold zombies (Ossuary)
  8 orc zombies (Ossuary)
  5 rats
  2 spectral jackals (Ossuary)
535 creatures vanquished.

Vanquished Creatures (collateral kills)
  An adder simulacrum (Ossuary)
  3 gnoll simulacra (Ossuary)
  3 jackal simulacra (Ossuary)
7 creatures vanquished.

Vanquished Creatures (others)
  An orc (Orc:2)
1 creature vanquished.

Grand Total: 543 creatures vanquished

Notes
Turn   | Place    | Note
-------+----------+-------------------------------------------
     0 | D:1      | Amplified the Minotaur Fighter began the quest for the Orb.
     0 | D:1      | Reached XP level 1. HP: 19/19 MP: 0/0
   122 | D:1      | Found a faded altar of an unknown god.
   165 | D:1      | Reached XP level 2. HP: 27/27 MP: 1/1
   615 | D:2      | Found a basalt altar of Yredelemnul.
   615 | D:2      | Found Ucexahabb's Magic Scroll Shop.
   615 | D:2      | Found Ochiwokh's Weapon Shop.
   618 | D:2      | Learned a level 1 spell: Apportation
   625 | D:2      | Reached XP level 3. HP: 31/33 MP: 2/2
   757 | D:2      | Found Acapig's Assorted Antiques.
   927 | D:2      | Found Xenafas's Magic Scroll Shop.
   986 | D:2      | Found Vodocrit's Magic Scroll Emporium.
  1123 | D:3      | Reached XP level 4. HP: 35/41 MP: 3/3
  1210 | D:3      | Noticed Jessica
  1216 | D:3      | Killed Jessica
  1257 | D:3      | Noticed Robin
  1271 | D:3      | Killed Robin
  1348 | D:3      | Found a burning altar of Makhleb.
  1353 | D:3      | Became a worshipper of Makhleb the Destroyer
  1363 | D:3      | Found an ornate altar of the Wu Jian Council.
  1540 | D:3      | Found a shimmering blue altar of Sif Muna.
  1722 | D:3      | Noticed Grinder
  1738 | D:3      | Reached XP level 5. HP: 47/47 MP: 4/4
  1749 | D:3      | Killed Grinder
  1750 | D:3      | Reached skill level 5 in Fighting
  1750 | D:3      | Reached skill level 5 in Shields
  1750 | D:3      | Reached skill level 1 in Invocations
  1750 | D:3      | Reached XP level 6. HP: 24/56 MP: 5/5
  2077 | D:3      | Noticed Natasha
  2081 | D:3      | Killed Natasha
  2502 | D:4      | Reached skill level 5 in Axes
  2517 | D:4      | Noticed Edmund
  2518 | D:4      | Gained mutation: Your mind is acute. (Int +4, Str/Dex -1)
                  | [potion of mutation]
  2526 | D:4      | Killed Edmund
  2527 | D:4      | Reached XP level 7. HP: 63/63 MP: 7/7
  2533 | D:4      | Reached skill level 1 in Maces & Flails
  2533 | D:4      | Reached skill level 5 in Armour
  2534 | D:4      | Found Iwicak's Antique Weapon Shoppe.
  3386 | D:5      | Entered Level 5 of the Dungeon
  3487 | D:5      | Reached * piety under Makhleb
  3496 | D:5      | Noticed Duvessa
  3499 | D:5      | Noticed Dowan
  3505 | D:5      | Killed Duvessa
  3506 | D:5      | Reached XP level 8. HP: 51/71 MP: 8/8
  3506 | D:5      | Killed Dowan
  3931 | D:5      | Found a staircase to the Ecumenical Temple.
  4378 | D:6      | Reached ** piety under Makhleb
  4575 | D:6      | Reached skill level 5 in Maces & Flails
  4621 | D:6      | Reached XP level 9. HP: 81/81 MP: 10/10
  5156 | D:6      | Found a bloodstained altar of Trog.
  5235 | D:6      | Noticed Maggie
  5250 | D:6      | Killed Maggie
  5442 | D:6      | Found a hide-covered altar of Uskayaw.
  5779 | D:2      | Bought a scroll of enchant weapon for 105 gold pieces
  5904 | D:7      | Found a sand-covered staircase.
  5914 | Ossuary  | Entered an ossuary
  5955 | Ossuary  | Reached *** piety under Makhleb
  6470 | D:7      | Reached XP level 10. HP: 73/91 MP: 12/12
  6559 | D:7      | Identified the +4 whip of Bitadwis {drain, MP+9 Str+3
                  | Int+4}
  6711 | D:7      | Reached **** piety under Makhleb
  7230 | D:8      | Found a glowing golden altar of the Shining One.
  7326 | D:8      | Found a snail-covered altar of Cheibriados.
  7472 | D:8      | Reached skill level 10 in Fighting
  7511 | D:8      | Found a basalt altar of Yredelemnul.
  7522 | D:8      | Reached skill level 10 in Shields
  7600 | D:8      | Identified the ring "Tack" {rF++ rC+ MP+9 Str+3 Dex-5}
  7649 | D:8      | Found an ancient bone altar of Kikubaaqudgha.
  7713 | D:8      | Paralysed by a hornet for 2 turns
  7719 | D:8      | Reached skill level 5 in Invocations
  8078 | D:9      | Found a flagged portal.
  8095 | Bailey   | Entered a bailey
  8370 | Bailey   | Reached ***** piety under Makhleb
  8706 | D:10     | Entered Level 10 of the Dungeon
  8889 | D:10     | Noticed a two-headed ogre
  8894 | D:10     | Killed a two-headed ogre
  8895 | D:10     | Reached skill level 10 in Axes
  8895 | D:10     | Reached XP level 11. HP: 76/101 MP: 13/13
  8933 | D:10     | Noticed Lodul
  9119 | D:10     | Found Hasuxukh's Mail-Order Catalogue.
  9354 | D:10     | Killed Lodul
  9367 | D:10     | Found a portal to a secret trove of treasure.
  9903 | D:11     | Found a staircase to the Lair.
  9974 | D:11     | Noticed a boulder beetle
 10002 | D:11     | Killed a boulder beetle
 10158 | D:11     | Noticed a two-headed ogre
 10505 | D:12     | Found a frozen archway.
 10515 | D:12     | Reached skill level 15 in Axes
 10579 | D:12     | Found a gate leading to a gauntlet.
 10589 | Gauntlet | Entered a Gauntlet
 10589 | Gauntlet | Noticed an oklob plant
 10589 | Gauntlet | Found a transporter.
 10596 | Gauntlet | Found a transporter.
 10599 | Gauntlet | Found a transporter.
 10600 | Gauntlet | Found a transporter.
 10609 | Gauntlet | Found a transporter.
 10611 | Gauntlet | Found a transporter.
 10612 | Gauntlet | Found a transporter.
 10614 | Gauntlet | Noticed an arcanist
 10686 | Gauntlet | Reached XP level 12. HP: 66/107 MP: 14/14
 10719 | Gauntlet | Found a transporter.
 10719 | Gauntlet | Found a transporter.
 10719 | Gauntlet | Found a transporter.
 10741 | Gauntlet | Noticed a dire elephant
 10748 | Gauntlet | Found a transporter.
 10748 | Gauntlet | Found a transporter.
 10750 | Gauntlet | Found a transporter.
 10750 | Gauntlet | Noticed a great orb of eyes
 10763 | Gauntlet | Killed a great orb of eyes
 10771 | Gauntlet | Found a transporter.
 10772 | Gauntlet | Identified the ring of Past Mistakes {rElec Will+ Str+2
                  | Int-5 Slay+3}
 10788 | Gauntlet | Identified the +9 plate armour "Nufruf" {rN+}
 10788 | Gauntlet | Noticed a minotaur
 10795 | Gauntlet | Killed a minotaur
 10806 | Gauntlet | Identified the +1 swamp dragon scales "Bolic" {rPois rC+}
 10871 | IceCv    | Entered an ice cave
 11157 | IceCv    | Identified the ring "Resm" {rPois rF+ Int+2}
 11161 | IceCv    | Identified the +3 war axe of Lezoas {drain, *Noise rPois
                  | rCorr Str-5}
 11544 | D:12     | Reached ****** piety under Makhleb
 11557 | D:12     | Found a staircase to the Orcish Mines.
 11946 | D:12     | Found Wuxzasir's Jewellery Boutique.
 11947 | D:12     | Identified a scroll of acquirement
 11948 | D:12     | Acquired a manual of Shields
 11997 | Orc:1    | Entered Level 1 of the Orcish Mines
 12255 | Orc:1    | Noticed Ignak's ghost (journeyman GnHW)
 12256 | Orc:1    | Found a transporter.
 12256 | Orc:1    | Noticed a two-headed ogre
 12256 | Orc:1    | Identified the +9 great mace of Conscience {venom, rC+ rN+}
 12256 | Orc:1    | Identified the +1 great mace of Day {freeze, rElec rPois}
 12256 | Orc:1    | Noticed an ettin
 12258 | Orc:1    | Noticed a two-headed ogre
 12259 | Orc:1    | Noticed a two-headed ogre
 12260 | Orc:1    | Noticed a two-headed ogre
 12389 | Orc:1    | Noticed Fannar
 12401 | Orc:1    | Killed Fannar
 12566 | Orc:2    | Entered Level 2 of the Orcish Mines
 12569 | Orc:2    | Noticed an orc high priest
 12579 | Orc:2    | Noticed an orc warlord
 12579 | Orc:2    | Killed an orc high priest
 12581 | Orc:2    | Noticed an orc warlord
 12590 | Orc:1    | Reached XP level 13. HP: 90/114 MP: 15/15
 12640 | Orc:2    | Found a staircase to the Elven Halls.
 12654 | Orc:2    | Reached skill level 15 in Shields
 12683 | Orc:1    | Killed an orc warlord
 12795 | Orc:2    | Paralysed by an orc sorcerer for 5 turns
 12799 | Orc:2    | Mangled by a sun demon

Illustrated notes

Levels and vault maps discovered:
D:1:      wheals_arrival_linesprint, layout_basic, basic_ecumenical_altar,
          amcnicky_mini_rare_corridor_liquid
D:2:      layout_rooms, serial_shops, nicolae_shop_waterfront, shop, shop,
          nicolae_shop_bloodbath_and_beyond, nicolae_shop_rolled_up, basic_altar
D:3:      layout_loops_cross, amethyst_overflow_temple_binary,
          mainiacjoe_overflow_alcove_2, nicolae_hexahallways, uniq_natasha,
          uniq_grinder, uniq_jessica, uniq_robin
D:4:      layout_layer_cave, serial_shops, shop, uniq_edmund
D:5:      layout_cave_pods, temple_green, uniq_duvessa
D:6:      kennysheep_six_static_rooms, layout_basic,
          mainiacjoe_overflow_boulevard, nicolae_uskayaw_dance_studio,
          uniq_maggie
D:7:      layout_basic, enter_ossuary_1, minmay_misc_feat_alley
D:8:      layout_basic, kiku_gazebo_garden_becter, slow_altar_2, tso_metal_star,
          lemuel_mausoleum_altar_yredelemnul
D:9:      layout_rooms, enter_bailey_4
D:10:     layout_cave_pods, nicolae_trove_entry_crystal,
          monkooky_shop_mail_order, uniq_lodul
D:11:     layout_loops_ring, erik_lair_island, the_hattery
D:12:     layout_irregular_city, hiddenorc2_lemuel, serial_ice, serial_ice_l,
          serial_ice_h, serial_ice_o, serial_ice_m,
          portal_ice_cave_entry_pillars_1, serial_shops, kennysheep_little_box,
          gauntlet_entry_generic
Orc:1:    layout_caves, basic_altar, gammafunk_ghost_smash,
          nicolae_orc_crystal_seam, uniq_fannar
Orc:2:    grunt_orc_cross, layout_caves, basic_altar

Skill      XL: |  1  2  3  4  5  6  7  8  9 10 11 12 13 |
---------------+----------------------------------------+-----
Fighting       | 4 5 6 8 9 10 | 10.4
Shields        | 4 5 6 7 9 10 14 17 | 17.1
Axes           | 3 4 5 6 10 15 17 | 17.6
Armour         | 4 5 6 7 |  7.9
Invocations    | 1 2 3 4 5 |  5.1
Maces & Flails | 3 5 6 |  6.3

Action                     |  1- 3 |  4- 6 |  7- 9 | 10-12 | 13-15 || total
---------------------------+-------+-------+-------+-------+-------++-------
  Melee: War axe           |    79 |    94 |       |       |       ||   173
         Headbutt          |     8 |     8 |    52 |    93 |    13 ||   174
         Flail             |       |       |   182 |       |       ||   182
         Broad axe         |       |       |   100 |   616 |    79 ||   795
  Throw: Dart              |       |     3 |     7 |       |       ||    10
 Invoke: Lesser Servant of |       |       |     1 |       |       ||     1
  Evoke: Wand              |       |       |       |     8 |       ||     8
    Use: Scroll            |     3 |     2 |     8 |    14 |       ||    27
         Potion            |     1 |     4 |     4 |    11 |     1 ||    21
   Stab: Invisible         |       |       |       |     1 |       ||     1
         Distracted        |       |       |       |     1 |       ||     1
 Armour: Scale mail        |    58 |    59 |   166 |       |       ||   283
         Acid dragon scale |       |       |    68 |   372 |       ||   440
         Plate armour      |       |       |       |    74 |    55 ||   129
         Ice dragon scales |       |       |       |    41 |       ||    41
  Dodge: Dodged            |    31 |    38 |   131 |   260 |    12 ||   472
  Block: Buckler           |    20 |    20 |    77 |   164 |       ||   281
         Tower shield      |       |       |       |    78 |    65 ||   143

Table legend: (Time is in decaauts)
 A = Elapsed time spent in this place.
 B = Non-inter-level travel time spent in this place.
 C = Inter-level travel time spent in this place.
 D = Time resting spent in this place.
 E = Time spent auto-exploring this place.
 F = Levels seen in this place.
 G = Mean time per level.
                   A        B        C        D        E       F      G
               +--------+--------+--------+--------+--------+-----+--------+
         Total |  12850 |  12213 |    637 |    335 |   8722 |  18 |  713.9 |
       Dungeon |  10842 |  10226 |    616 |    211 |   7798 |  12 |  903.5 |
  Orcish Mines |    763 |    743 |     20 |     22 |    510 |   2 |  381.5 |
       Ossuary |    379 |    379 |      0 |      0 |    210 |   1 |  379.0 |
        Bailey |    320 |    320 |      0 |      2 |    204 |   1 |  320.0 |
      Ice Cave |    309 |    309 |      0 |    100 |      0 |   1 |  309.0 |
      Gauntlet |    234 |    234 |      0 |      0 |      0 |   1 |  234.0 |
               +--------+--------+--------+--------+--------+-----+--------+

Top non-repeatable levels by time:
     D:6: 1313 daAuts
     D:3: 1226 daAuts
     D:4: 1172 daAuts
    D:10: 1109 daAuts
     D:5: 1033 daAuts
    D:12: 922 daAuts
     D:8: 843 daAuts
     D:7: 737 daAuts
    D:11: 679 daAuts
     D:1: 627 daAuts
   Orc:1: 621 daAuts
     D:2: 597 daAuts
     D:9: 580 daAuts
 Ossuary: 379 daAuts
  Bailey: 320 daAuts
